 Dungeon Crawl Stone Soup version 0.28-a0-1233-g92def6ad0a (webtiles) character file.

Game seed: 16760378131766893809

660 Lekart the Chopper (level 7, -1/61 HPs)
             Began as a Purple Draconian Chaos Knight on Dec 23, 2021.
             Was a Plaything of Xom.
             Slain by a meliai (shapeshifter) (9 damage)
             ... on level 5 of the Dungeon.
             The game lasted 00:04:43 (3997 turns).

Lekart the Chopper (Purple Draconian Chaos Knight)  Turns: 3997, Time: 00:04:44

Health: -1/61      AC:  7    Str: 19    XL:     7   Next: 30%
Magic:  7/7        EV: 12    Int: 12    God:    Xom [......]
Gold:   218        SH:  4    Dex: 10    Spells: 6/6 levels left

rFire   . . .      SeeInvis .   a - +0 hand axe (chaos)
rCold   . . .      Faith    .   (no shield)
rNeg    . . .      Spirit   .   (armour unavailable)
rPois   .          Reflect  .   (helmet restricted)
rElec   .          Harm     .   (no cloak)
rCorr   .          Rampage  .   m - +0 pair of gloves
Will    +....      Rage     1%  (no boots)
Stlth   ++........              (no amulet)
HPRegen 0.20/turn               (no ring)
MPRegen 0.10/turn               (no ring)

@: mighty, lethally poisoned (-1 -> -4), short of breath, slowed, very slow
A: breathe power, AC +6, unfitting armour, cold-blooded, stinger 2, large bone
plates 1, berserk 1, strong 1
a: Breathe Dispelling Energy, Renounce Religion


You were on level 5 of the Dungeon.
You worshipped Xom.
You were a very special plaything of Xom.
You visited 2 branches of the dungeon, and saw 6 of its levels.

You collected 218 gold pieces.

Inventory:

Hand Weapons
 a - a +0 hand axe of chaos (weapon)
Missiles
 c - a throwing net (quivered)
Armour
 m - a +0 pair of gloves (worn)
Scrolls
 b - 4 scrolls of identify
 f - 2 scrolls of noise
 k - a scroll of teleportation {unknown}
Potions
 e - a potion of haste {unknown}
 g - a potion of magic {unknown}
 h - 2 potions of curing {unknown}
 i - 2 potions of lignification {unknown}
 j - a potion of brilliance {unknown}
 l - a potion of mutation {unknown}


   Skills:
 + Level 5.4 Fighting
 + Level 5.8 Axes
 + Level 3.9 Dodging
 + Level 2.6 Stealth


You had 6 spell levels left.
You didn't know any spells.
Your spell library contained the following spells:

 Spells                   Type           Power      Damage    Failure   Level
 Foxfire                  Conj/Fire      0%         2x1d4     32%         1
 Sublimation of Blood     Necr           0%         N/A       45%         2
 Wereblood                Tmut           0%         N/A       45%         2
 Conjure Flame            Conj/Fire      0%         6-21      69%         3
 Inner Flame              Hex/Fire       0%         N/A       69%         3
 Flame Wave               Conj/Fire      0%         2d4       97%         4
 Malign Gateway           Summ/Tloc      0%         N/A       100%        7
 Summon Hydra             Summ           0%         N/A       100%        7
 Summon Horrible Things   Summ           0%         N/A       100%        8


Dungeon Overview and Level Annotations

Branches:
Dungeon (5/15)             Temple (1/1) D:4

Altars:
Ashenzari
Cheibriados
Dithmenos
Elyvilon
Fedhas
Gozag
Hepliaklqana
Kikubaaqudgha
Makhleb
Nemelex Xobeh
Okawaru
Qazlal
Ru
Sif Muna
Trog
Uskayaw
Vehumet
Wu Jian
Xom
Yredelemnul
Zin
The Shining One


Innate Abilities, Weirdness & Mutations

You can breathe bolts of dispelling energy.
Your rich purple scales are hard. (AC +6)
You cannot fit into any form of body armour.
You are cold-blooded and may be slowed by cold attacks.
Your tail ends in a sharp venomous barb.
You are partially covered in large bone plates. (SH +4)
You tend to lose your temper in combat.
Your muscles are strong. (Str +2)


Message History

Something stings you.
You are poisoned.
You feel as though you will be slow longer.
Something stings you.
You feel as though you will be slow longer.
You hit something but do no damage.
You feel very sick. You block something's attack. Something stings you.
You are more poisoned.
You suddenly lose the ability to move!
You feel very sick.
A meliai appears out of thin air!
Reactivating autopickup.
You feel very sick.
The meliai picks up a +0 club.
The meliai wields a +0 club.
You can move again.
Aiming: Breathe Dispelling Energy (5% risk of failure)
Press: ? - help, Shift-Dir - straight line, f - meliai
Aim: a meliai, wielding a +0 club You breathe a bolt of dispelling energy.
The bolt of dispelling energy misses the meliai.
The bolt of dispelling energy hits the jelly!
The jelly is heavily wounded.
You feel very sick.
The meliai picks up a +0 chain mail.
The meliai wears a +0 chain mail.
It was a potion of might.
You feel very mighty all of a sudden.
Xom roars with laughter!
You feel sick. "Serve the toy, my child!"
The meliai hits you but does no damage. You block the meliai's attack.
The meliai barely misses you. x3; The meliai misses you.
You closely miss the meliai.
You feel sick. The meliai hits you with a +0 club. The meliai stings you.
* * * LOW HITPOINT WARNING * * *
The meliai hits you with a +0 club!
* * * LOW HITPOINT WARNING * * *
The meliai stings you but does no damage.
The meliai hits you with a +0 club!
You die...

# .# #.## ... ...
#.# #..#####.#.##
#....Jy@###.####.#
...#####.#.......#
........3..#
##########.# #.#
#.# #.# #.#
#########.#


You could see a meliai, a jelly (ally target) and a friendly sixfirhy
(summoned).

Vanquished Creatures
  A black bear (D:4)
  An ice beast (D:4)
  A necrophage (D:4)
  A hound (Temple)
  An orc priest (D:3)
  2 iguanas (D:4)
  3 orc wizards (D:4)
  2 gnolls (D:2)
  6 adders
  2 howler monkey skeletons (D:4)
  An ufetubus (D:4)
  An adder skeleton (D:4)
  3 dart slugs
  10 orcs
  9 ball pythons
  6 endoplasms
  A giant cockroach (D:4)
  3 goblins
  7 hobgoblins
  2 kobolds
  2 quokkas
  3 bats
  A frilled lizard (D:2)
  3 rats
72 creatures vanquished.

Vanquished Creatures (collateral kills)
  An orc priest (D:3)
  An adder (D:3)
  2 orcs (D:3)
4 creatures vanquished.

Vanquished Creatures (others)
  A scorpion (D:4)
1 creature vanquished.

Grand Total: 77 creatures vanquished

Notes
Turn   | Place    | Note
-------+----------+-------------------------------------------
     0 | D:1      | Lekart the Draconian Chaos Knight began the quest for the
                  | Orb.
     0 | D:1      | Reached XP level 1. HP: 19/19 MP: 1/1
   247 | D:1      | XOM: divination: detect items
   296 | D:1      | Reached XP level 2. HP: 26/26 MP: 2/2
   616 | D:1      | Found a faded altar of an unknown god.
   778 | D:2      | Found a radiant altar of Vehumet.
   794 | D:2      | Reached XP level 3. HP: 33/33 MP: 3/3
   847 | D:3      | XOM: summons friendly iron imp
   883 | D:3      | Reached XP level 4. HP: 25/40 MP: 4/4
   883 | D:3      | XOM: divination: detect creatures
  1094 | D:3      | Found a hide-covered altar of Uskayaw.
  1097 | D:3      | Noticed a +0 hand axe
  1097 | D:3      | Noticed a +0 hand axe
  1196 | D:3      | Reached XP level 5. HP: 27/47 MP: 5/5
  1924 | D:4      | Reached skill level 1 in Stealth
  2029 | D:4      | XOM: 2-stop teleportation journey
  2049 | D:4      | Reached skill level 5 in Axes
  2180 | D:4      | XOM: give mutations
  2180 | D:4      | Gained mutation: You are clumsy. (Dex -2) [Xom's mischief]
  2180 | D:4      | Lost mutation: You are clumsy. (Dex -2) [Xom's mischief]
  2180 | D:4      | Gained mutation: You tend to lose your temper in combat.
                  | [Xom's mischief]
  2278 | D:4      | Reached XP level 6. HP: 41/55 MP: 6/6
  2428 | D:4      | Found a staircase to the Ecumenical Temple.
  2429 | D:4      | XOM: 1-stop teleportation journey
  2501 | D:4      | XOM: enchant monster (good)
  2517 | D:4      | Reached skill level 5 in Fighting
  2774 | D:4      | XOM: divine lightning
  2784 | D:4      | Noticed an ice beast
  2787 | D:4      | XOM: give mutations
  2787 | D:4      | Gained mutation: Your muscles are strong. (Str +2) [Xom's
                  | grace]
  2787 | D:4      | Gained mutation: Your tail ends in a venomous barb. [Xom's
                  | grace]
  2787 | D:4      | Gained mutation: Your tail ends in a sharp venomous barb.
                  | [Xom's grace]
  2787 | D:4      | Gained mutation: You are partially covered in large bone
                  | plates. (SH +4) [Xom's grace]
  2805 | Temple   | Entered the Ecumenical Temple
  2911 | Temple   | XOM: 3-stop teleportation journey
  3130 | D:4      | XOM: noise
  3135 | D:4      | Killed an ice beast
  3136 | D:4      | Your scales start taking on a rich purple colour.
  3136 | D:4      | Reached XP level 7. HP: 41/61 MP: 7/7
  3497 | D:4      | XOM: summons 1 hostile demon
  3593 | D:4      | XOM: 1-stop teleportation journey
  3648 | D:4      | XOM: silly message
  3958 | D:5      | Entered Level 5 of the Dungeon
  3986 | D:5      | Noticed a shapeshifter
  3986 | D:5      | an orc changed into a shapeshifter
  3986 | D:5      | Noticed a hornet
  3986 | D:5      | a shapeshifter changed into a hornet
  3992 | D:5      | Paralysed by something for 3 turns
  3993 | D:5      | Noticed a meliai
  3996 | D:5      | XOM: summons friendly sixfirhy
  3997 | D:5      | Slain by a meliai (shapeshifter)

Illustrated notes

Levels and vault maps discovered:
D:1:      dpeg_arrival_shelter, layout_loops_ring,
          shapermc_ecumenical_altar_mp_vishouse
D:2:      layout_basic, basic_altar, minmay_distorted
D:3:      layout_basic, dancing_weapons_uskayaw,
          amcnicky_mini_rare_corridor_liquid, amcnicky_mini_pool_small,
          serial_park_tiny_2
D:4:      layout_basic, temple_green
D:5:      layout_loops_ring
Temple:   grunt_wide_crystal_templ

Skill      XL: |  1  2  3  4  5  6 |
---------------+-------------------+-----
Fighting       | 4 5 |  5.4
Axes           | 4 5 |  5.8
Dodging        | 3 |  3.9
Stealth        | 1 2 |  2.6

Action                   |  1- 3 |  4- 6 |  7- 9 || total
-------------------------+-------+-------+-------++-------
Melee: Hand axe          |    48 |   134 |    33 ||   215
       Tailslap          |     8 |    10 |     4 ||    22
 Abil: Breathe Dispellin |       |       |     2 ||     2
  Use: Scroll            |     4 |       |       ||     4
       Potion            |     1 |       |     1 ||     2
 Stab: Sleeping          |     1 |     3 |       ||     4
       Paralysed         |       |     1 |       ||     1
       Petrified         |       |     6 |     2 ||     8
       Petrifying        |       |       |     1 ||     1
Armor: Skin              |    20 |    60 |     7 ||    87
Dodge: Dodged            |    54 |   101 |    17 ||   172
Block: Other             |       |     3 |     9 ||    12

Table legend: (Time is in decaauts)
 A = Elapsed time spent in this place.
 B = Non-inter-level travel time spent in this place.
 C = Inter-level travel time spent in this place.
 D = Time resting spent in this place.
 E = Time spent auto-exploring this place.
 F = Levels seen in this place.
 G = Mean time per level.
                   A        B        C        D        E       F      G
               +--------+--------+--------+--------+--------+-----+--------+
         Total |   4036 |   3890 |    146 |    977 |   2238 |   6 |  672.7 |
       Dungeon |   3713 |   3580 |    133 |    729 |   2190 |   5 |  742.6 |
        Temple |    323 |    310 |     13 |    248 |     48 |   1 |  323.0 |
               +--------+--------+--------+--------+--------+-----+--------+

Top non-repeatable levels by time:
     D:4: 1757 daAuts
     D:3: 1077 daAuts
     D:1: 637 daAuts
  Temple: 323 daAuts
     D:2: 198 daAuts
     D:5: 41 daAuts
